[Event "Live Chess"]
[Site "Chess.com"]
[Date "2024.06.01"]
[Round "-"]
[White "Mangoalo"]
[Black "MaksymYurii"]
[Result "1-0"]
[WhiteElo "1048"]
[BlackElo "941"]
[TimeControl "300"]
[EndTime "13:53:54 PDT"]
[Termination "Mangoalo won on time"]

1. e4 e5 2. f4 exf4 3. Nf3 Qe7 4. Bc4 Qxe4+ 5. Be2 Bc5 6. Nc3 Qg6 7. d4 Qxg2 8.
Rf1 Be7 9. Bxf4 Nf6 10. Bg3 O-O 11. Qd2 d6 12. O-O-O Bg4 13. Rde1 Bxf3 14. Bxf3 Qxd2+ 15. Kxd2 c6 16. Rxe7 Na6 17. Bxd6 Rfd8 18. Be5 Nd7 19. Kc1 Nxe5 20. dxe5 Re8 21. Rxe8+ Rxe8 22. Re1 Nb4 23. a3 Nd5 24. Nxd5 cxd5 25. Bxd5 b6 26. Rd1 Rxe5 27. Be4 f5 28. Rd8+ Kf7 29. Bd5+ Ke7 30. Ra8 Rxd5 31. Rxa7+ Rd7 32. Ra6 Rb7 33. b4 f4 34. b5 Kf6 35. Ra4 Kg5 36. Re4 Rf7 37. Kd2 f3 38. Ke1 Kf5 39. Re8 Kg4 40. Kf2 Kh3 41. Re3 Kxh2 42.
Rxf3 Rxf3+ 43. Kxf3 h5 44. c4 h4 45. c5 h3 46.
cxb6 Kg1 47. b7 h2 48. b8=Q h1=Q+ 49. Ke2 Qg2+ 50. Kd1 Qf1+ 51. Kc2 Qf2+ 52. Kb3 Qf3+ 53. Kb4 Qe4+ 54. Ka5 Qe1+ 55. Ka6 Qe6+ 56. b6 Qe2+ 57. Ka7 Qe7+ 58. b7 Qxa3+ 59. Kb6 Qe3+ 60. Kc7 Qg3+ 61. Kd7 1-0

[Event "Live Chess"]
[Site "Chess.com"]
[Date "2024.06.01"]
[Round "-"]
[White "Queensandpawns"]
[Black "ShanthamGrarks"]
[Result "1-0"]
[WhiteElo "2382"]
[BlackElo "1847"]
[TimeControl "300"]
[EndTime "13:54:03 PDT"]
[Termination "Queensandpawns won by resignation"]

1. e4 e5 2. d4 exd4 3. c3 dxc3 4. Bc4 c2 5. Qxc2 Qe7 6. Nc3 Nf6 7. Nf3 Nc6 8. O-O d6 9. Bg5 Be6 10. Nd5 Bxd5 11. exd5 Ne5 12. Nxe5 dxe5 13. Bb5+ Kd8 14. Rfd1 Qd6 15. Rac1 Be7 16. Be3 a6 17. Ba4 Ng4 18. Bc5 Qxc5 19. Qf5 Qxf2+ 20. Qxf2 Nxf2 21. Kxf2 Bd6 22. Ke3 f5 23. Rf1 g6 24. g4 Rf8 25.
gxf5 gxf5 26. Bc2 f4+ 27. Ke4 Ke7 28. Rg1 Rg8 29. Bd3 Raf8 30. Kf3 h6 31. h4 Kf6 32. h5 Rg5 33. Rxg5 hxg5 34. Kg4 Rh8 35. Be4 Rh6 36. b4 Rh8 37. a4 Rc8 38. b5 axb5 39. axb5 b6 40.
Ra1 Bb4 41. Ra7 Bd6 42. Rb7 Ra8 43. h6 Ra3 44. h7 Rg3+ 45. Kh5 Rh3+ 46. Kg4 Rg3+ 47.
Kh5 Rh3+ 48. Kg4 Rxh7 49. Bxh7 e4 50. Bxe4 Ke5 51. Bf3 Kf6 52. Ra7 Be5 53. Ra2 Bd6 54. Re2 Be5 55. Re4 Bd6 56. Re6+ Kf7 57. Kxg5 1-0

[Event "Live Chess"]
[Site "Chess.com"]
[Date "2024.06.01"]
[Round "-"]
[White "AndrewBak1"]
[Black "WelshTiger"]
[Result "0-1"]
[WhiteElo "1847"]
[BlackElo "2520"]
[TimeControl "300"]
[EndTime "13:54:16 PDT"]
[Termination "WelshTiger won by resignation"]

1. e4 c5 2. Nf3 Nc6 3. d4 cxd4 4. Nxd4 Nf6 5. Nc3 d6 6. Bg5 Bd7 7. Qd2 Rc8 8. O-O-O Nxd4 9. Qxd4 Qa5 10. Kb1 Qxg5 11.
Qxd6 0-1

[Event "Live Chess"]
[Site "Chess.com"]
[Date "2024.06.01"]
[Round "-"]
[White "cymbalshift"]
[Black "McFim"]
[Result "0-1"]
[WhiteElo "1493"]
[BlackElo "1595"]
[TimeControl "300"]
[EndTime "13:54:24 PDT"]
[Termination "McFim won by resignation"]

1. d4 d5 2. e4 dxe4 3. Nc3 Nf6 4. f3 exf3 5. Nxf3 Bf5 6. Ne5 c6 7. g4 Bg6 8. h4 Be4 9. Nxe4 Nxe4 10. Qd3 Nd6 11.
c4 e6 12. c5 Nb5 13. Be3 Nd7 14. Bh3 Nxe5 0-1

[Event "Live Chess"]
[Site "Chess.com"]
[Date "2024.06.01"]
[Round "-"]
[White "Brooms1989"]
[Black "uselessduffer"]
[Result "0-1"]
[WhiteElo "1122"]
[BlackElo "2371"]
[TimeControl "300"]
[EndTime "13:54:27 PDT"]
[Termination "uselessduffer won by resignation"]

1. e4 g6 2. d4 Bg7 3. Nf3 d6 4. Nc3 a6 5. Bd3 b5 6. a3 Nd7 7.
O-O c5 8. Be3 cxd4 9. Bxd4 Ngf6 10. Re1 O-O 11. Ne2 Bb7 12. Ng3 Re8 13. Be3 Ng4 14. Bc1 Qb6 15. Qe2 Nc5 16. h3 Nxd3 17. cxd3 Ne5 18. Nxe5 Bxe5 19. Kh1 Rac8 20. f4 Bg7 21. f5 Qd4 22. fxg6 fxg6 23. Rf1 Rf8 24. Kh2 Rxf1 25. Nxf1 d5 26. Rb1 dxe4 27. dxe4 Qxe4 28. Qxe4 Bxe4 29. Ra1 Rc2 30. Ng3 Rxg2+ 0-1

[Event "Live Chess"]
[Site "Chess.com"]
[Date "2024.06.01"]
[Round "-"]
[White "Pablo_dmp"]
[Black "LL220284LL"]
[Result "0-1"]
[WhiteElo "2008"]
[BlackElo "2554"]
[TimeControl "300"]
[EndTime "13:54:37 PDT"]
[Termination "LL220284LL won by resignation"]

1. e4 c6 2. d4 g6 3. e5 Bg7 4. Nf3 d6 5. exd6 exd6 6. c4 Ne7 7. Nc3 O-O 8. Be3 Nf5 9. Bd3 Re8 10. Qd2 Nxe3 11.
fxe3 Bh6 12. Nd1 Qe7 13. Kf2 Nd7 14. Re1 Nf6 15. h3 Ne4+ 16. Bxe4 Qxe4 17. Nc3 Qe7 18. Qd3 b6 19. Rad1 Ba6 20. b3 d5 21. Nd2 Rad8 22.
Qc2 Bxe3+ 23. Kf1 Qf6+ 24. Nf3 dxc4 25. bxc4 Bxc4+ 26. Ne2 Bd5 27. Ng3 Bxf3 0-1

[Event "Live Chess"]
[Site "Chess.com"]
[Date "2024.06.01"]
[Round "-"]
[White "grillage"]
[Black "Kyrylo7770"]
[Result "1-0"]
[WhiteElo "1881"]
[BlackElo "1629"]
[TimeControl "300"]
[EndTime "13:54:48 PDT"]
[Termination "grillage won by checkmate"]

1. d4 d5 2. Nf3 Nf6 3. c4 Bg4 4. Ne5 Bh5 5. Qb3 b6 6. Bg5 e6 7. e3 Be7 8. Nc3 O-O 9. cxd5 Nxd5 10. Bxe7 Nxe7 11. Bd3 Bg6 12. Nxg6 fxg6 13. O-O Nd5 14.
Ne4 Qh4 15. Rac1 c6 16. Ng3 g5 17. Ne4 g4 18. g3 Qh3 19. Rfd1 Rf5 20. Bf1 Qh6 21.
Bg2 Rh5 22. Nc3 Rxh2 23. Nxd5 exd5 24. Qd3 Nd7 25. Qf5 Rf8 26. Qxd7 Rxg2+ 27. Kxg2 Qh3+ 28.
Kg1 Rf6 29. Rxc6 Rxc6 30. Qxc6 Qh5 31. Rc1 g6 32. Qd7 Qg5 33. Rc8+ Qd8 34. Rxd8# 1-0

[Event "Live Chess"]
[Site "Chess.com"]
[Date "2024.06.01"]
[Round "-"]
[White "kingside_rook"]
[Black "Dhaydon19"]
[Result "0-1"]
[WhiteElo "2027"]
[BlackElo "2679"]
[TimeControl "300"]
[EndTime "13:54:53 PDT"]
[Termination "Dhaydon19 won by resignation"]

1. e4 c6 2. d4 d5 3. e5 c5 4. dxc5 Nc6 5. Nf3 Bg4 6. Bb5 Bxf3 7. Qxf3 e6 8. a3 Bxc5 9. b4 Bb6 10. Bb2 Ne7 11. Qg3 Nf5 12. Qf4 h5 13. Nd2 a6 14.
Ba4 g5 15. Qf3 g4 16. Qf4 Rg8 17. Rd1 Qg5 18. Qxg5 Rxg5 19. c4 O-O-O 20. cxd5 Rxd5 21. Nc4 Rxd1+ 22. Kxd1 Bc7 23. Bxc6 bxc6 24. Bc1 Rg8 25.
Bf4 Rd8+ 26. Kc1 Rd4 0-1

[Event "Live Chess"]
[Site "Chess.com"]
[Date "2024.06.01"]
[Round "-"]
[White "ogpin"]
[Black "nitrofish07"]
[Result "1-0"]
[WhiteElo "2230"]
[BlackElo "2090"]
[TimeControl "300"]
[EndTime "13:56:01 PDT"]
[Termination "ogpin won by resignation"]

1. a4 a5 2. Ra3 Ra6 3. g3 g6 4. Bg2 Bg7 5. Nf3 Nf6 6. b3 O-O 7. Bb2 d6 8. O-O e5 9. d3 Nc6 10.
Nc3 Be6 11. Ng5 Qd7 12. Nxe6 fxe6 13. e4 Raa8 14. h3 b6 15. Ra1 Rae8 16. Qd2 Nh5 17.
Rae1 Nd4 18. Ne2 Nf3+ 19. Bxf3 Rxf3 20. Kg2 Ref8 21. Ng1 R3f7 22. d4 exd4 23. Bxd4 Bxd4 24. Qxd4 e5 25. Qd5 Qe7 26. Re3 Qg5 27. Rf3 Nf4+ 28. Rxf4 exf4 29. Qxg5 1-0

[Event "Live Chess"]
[Site "Chess.com"]
[Date "2024.06.01"]
[Round "-"]
[White "AlexanderMatlak"]
[Black "CCGoodKnightRookie"]
[Result "0-1"]
[WhiteElo "2440"]
[BlackElo "2285"]
[TimeControl "300"]
[EndTime "13:56:06 PDT"]
[Termination "CCGoodKnightRookie won on time"]

1. c4 c5 2. Nf3 Nf6 3. Nc3 Nc6 4. g3 e6 5. Bg2 d5 6. cxd5 exd5 7. d4 cxd4 8. Nxd4 Bc5 9. Nb3 Bb6 10. O-O d4 11.
Na4 O-O 12. Bd2 Re8 13. h3 Ne4 14. Rc1 Bf5 15. Nac5 Nxd2 16. Qxd2 Qe7 17. Nxb7 Nb4 18.
Nxd4 Bxd4 19. Qxd4 Nxa2 20. Ra1 Nb4 21. Nd6 Rad8 22. Nxf5 Rxd4 23. Nxe7+ Rxe7 24. e3 Rd2 25. Rfd1 Rxd1+ 26. Rxd1 g6 27. Rd8+ Kg7 28. Rb8 Nd3 29.
b4 Rc7 30. Be4 Ne5 31. b5 Nc4 32. Rb7 Rxb7 33. Bxb7 Kf6 34. Kf1 Ke5 35. Ke2 Kd6 36.
Kd3 Kc5 37. f4 Nd6 38. Bc6 Nxb5 39. Be8 Nd6 40. Ba4 a5 41. e4 Kb4 42. Bc6 a4 43. e5 Nb5 44. Bd5 a3 45. Bxf7 Kc5 46.
Ba2 Kc6 47. g4 Kc5 48. f5 gxf5 49. gxf5 Kc6 50. f6 Kd7 51. e6+ Ke8 52. e7 Nd6 53.
Bb3 Nf5 54. Ke4 Nh6 55. Ke5 Nf7+ 56. Ke6 Ng5+ 57. Kd6 Ne4+ 0-1

[Event "Live Chess"]
[Site "Chess.com"]
[Date "2024.06.01"]
[Round "-"]
[White "koekoekoe"]
[Black "GEMdzq"]
[Result "0-1"]
[WhiteElo "2038"]
[BlackElo "2323"]
[TimeControl "300"]
[EndTime "13:56:08 PDT"]
[Termination "GEMdzq won by resignation"]

1. d4 Nf6 2. Bf4 e6 3. e3 c5 4. c3 Qb6 5. Qb3 Nd5 6. Bg3 cxd4 7. exd4 Be7 8. Nd2 O-O 9. Ngf3 f5 10. Bc4 Qxb3 11. Bxb3 f4 12. Bh4 Bxh4 13. Nxh4 Nc6 14. Bxd5 exd5 15. O-O-O d6 16. Rde1 Bd7 17. Nhf3 b5 18.
Re2 a5 19. Rhe1 a4 20. Ng5 b4 21. Kc2 Rac8 22. a3 Nxd4+ 23. Kd3 Nxe2 24. Rxe2 Bb5+ 25.
c4 dxc4+ 26. Kd4 c3 27. Re7 cxd2 0-1

[Event "Live Chess"]
[Site "Chess.com"]
[Date "2024.06.01"]
[Round "-"]
[White "f4nomore"]
[Black "upoe610"]
[Result "0-1"]
[WhiteElo "1213"]
[BlackElo "2234"]
[TimeControl "300"]
[EndTime "13:56:21 PDT"]
[Termination "upoe610 won by resignation"]

1. Nc3 e5 2. e3 d5 3. d3 Nf6 4. Be2 Bd6 5. Nf3 Nc6 6. O-O h6 7.
Nb5 Bc5 8. d4 exd4 9. Nbxd4 O-O 10. Nxc6 bxc6 11. c3 Ne4 12. Nd4 Bd7 13. f3 Nd6 14.
Qc2 Bxd4 15. exd4 Bf5 16. Bd3 Bxd3 17. Qxd3 Nc4 18. b3 Nd6 19. Qe2 Re8 20. Qf2 Qf6 21. Qg3 Nf5 22. Qxc7 Re2 23. Ba3 Qg6 24. Rf2 Rxf2 25.
Kxf2 Nh4 26. g3 Qc2+ 27. Kf1 Qg2+ 28. Ke1 Nxf3+ 0-1

[Event "Live Chess"]
[Site "Chess.com"]
[Date "2024.06.01"]
[Round "-"]
[White "CarmelJane"]
[Black "JohanKjeldahl"]
[Result "1-0"]
[WhiteElo "2089"]
[BlackElo "1856"]
[TimeControl "300"]
[EndTime "13:56:27 PDT"]
[Termination "CarmelJane won by resignation"]

1. d4 Nf6 2. Nc3 d5 3. Bf4 c6 4. e3 g6 5. h4 Bg7 6. Be2 h5 7. Nf3 Bf5 8. Ne5 Nbd7 9. f3 Qb6 10. Na4 Qa5+ 11. c3 b5 12. Nc5 Nxc5 13. dxc5 Nd7 14. Nxc6 Qa6 15. Nd4 e5 16. Nxb5 1-0

[Event "Live Chess"]
[Site "Chess.com"]
[Date "2024.06.01"]
[Round "-"]
[White "Cimon"]
[Black "DylanMeyer1"]
[Result "1-0"]
[WhiteElo "1836"]
[BlackElo "1713"]
[TimeControl "300"]
[EndTime "13:56:28 PDT"]
[Termination "Cimon won by checkmate"]

1. d4 d5 2. Nf3 Nf6 3. c4 e6 4.
Nc3 Be7 5. g3 dxc4 6. e4 O-O 7.
Bxc4 c6 8. O-O b5 9. Bd3 Bb7 10.
e5 Nd5 11. Nxd5 Qxd5 12. Re1 Na6 13. Be4 Qd7 14. Qd3 g6 15. Qe3 c5 16. Qh6 cxd4 17. Ng5 Bxg5 18. Bxg5 f6 19. Bxf6 Rxf6 20. exf6 Nc5 21.
Bxg6 hxg6 22. Qxg6+ Kh8 23. Re5 Qh7 24. Rh5 Qxh5 25. Qxh5+ Kg8 26. Qg6+ Kf8 27. Qg7+ Ke8 28. Qe7# 1-0

[Event "Live Chess"]
[Site "Chess.com"]
[Date "2024.06.01"]
[Round "-"]
[White "KeithArkell"]
[Black "IanCalvert2"]
[Result "1-0"]
[WhiteElo "2460"]
[BlackElo "1600"]
[TimeControl "300"]
[EndTime "13:56:33 PDT"]
[Termination "KeithArkell won by resignation"]

1. d4 d5 2. c4 c6 3. Nf3 Nf6 4. Nc3 dxc4 5. a4 e6 6. e3 c5 7.
Bxc4 cxd4 8. exd4 Nc6 9. d5 exd5 10. Nxd5 Be6 11. Nxf6+ Qxf6 12. Qe2 Be7 13. Bxe6 Qxe6 14. Qxe6 fxe6 15. Ke2 O-O-O 16. Be3 Bf6 17. Rab1 Nd4+ 18. Bxd4 Bxd4 19. Rhc1+ Kb8 20. Rc4 Bf6 21. b4 Rc8 22. Rbc1 Rxc4 23. Rxc4 Rc8 24. Kd3 Rxc4 25. Kxc4 Kc7 26.
Nd2 Kc6 27. b5+ Kd6 28. Ne4+ Kc7 29. Nc5 e5 30. Kd5 b6 31. Ne6+ Kd7 32. Nf8+ Ke7 33.
Nxh7 1-0

[Event "Live Chess"]
[Site "Chess.com"]
[Date "2024.06.01"]
[Round "-"]
[White "booktrunk"]
[Black "WelshTiger"]
[Result "0-1"]
[WhiteElo "1397"]
[BlackElo "2520"]
[TimeControl "300"]
[EndTime "13:56:33 PDT"]
[Termination "WelshTiger won by resignation"]

1. e4 c6 2. Nf3 d5 3. exd5 cxd5 4. Be2 Nf6 5. O-O Nc6 6. Bb5 e6 7. Nd4 Bd7 8. Nxc6 bxc6 9. Bd3 Bd6 10. c4 Qc7 11. g3 O-O 12. cxd5 cxd5 13. Be2 e5 14.
Bd3 e4 15. Qc2 exd3 16. Qxd3 Qc4 17. Qxc4 dxc4 18. Nc3 Rfe8 19. Na4 Bxa4 0-1

[Event "Live Chess"]
[Site "Chess.com"]
[Date "2024.06.01"]
[Round "-"]
[White "degringolade64"]
[Black "OxonChess"]
[Result "0-1"]
[WhiteElo "2125"]
[BlackElo "1758"]
[TimeControl "300"]
[EndTime "13:57:07 PDT"]
[Termination "OxonChess won by resignation"]

1. e4 c5 2. Nf3 Nc6 3. Bb5 g6 4. Bxc6 dxc6 5. d3 Nf6 6. h3 Nd7 7. Bd2 Bg7 8. Bc3 e5 9. Nbd2 Qc7 10. a4 Nf8 11. a5 Ne6 12. Nc4 f6 13. O-O O-O 14. Qb1 Nd4 15. Bxd4 cxd4 16. b4 Be6 17.
Nfd2 b5 18. axb6 axb6 19. Qb2 Rfb8 20. Ra3 Rxa3 21. Qxa3 Bf8 22. Ra1 Qb7 23. Qb2 Be7 24. f4 Qc7 25. fxe5 fxe5 26. Ra6 Kg7 27. c3 c5 28.
bxc5 bxc5 29. Qa3 Bc8 30. Ra7 Rb7 31. Rxb7 Bxb7 32. cxd4 cxd4 33. Qa4 Bg5 34. Nf3 Bf4 35. Qe8 Bxe4 36. Nfxe5 Bxe5 37. Nxe5 Qc1+ 38. Kh2 Qf4+ 39. Kg1 Qe3+ 40. Kh2 Bxd3 41. Qe7+ Kh6 42. Ng4+ Kh5 43.
Qxh7+ Kg5 44. Nxe3 dxe3 45. Qe7+ Kf4 46. Qd6+ Ke4 47.
Qxd3+ Kxd3 48. Kg1 Kd2 0-1

[Event "Live Chess"]
[Site "Chess.com"]
[Date "2024.06.01"]
[Round "-"]
[White "jimwad"]
[Black "ProfPoisson"]
[Result "1-0"]
[WhiteElo "1296"]
[BlackElo "1284"]
[TimeControl "300"]
[EndTime "13:57:15 PDT"]
[Termination "jimwad won on time"]

1. c4 e6 2. g3 f5 3. Bg2 Nf6 4. Nc3 Be7 5. e3 O-O 6. Nge2 d6 7. O-O e5 8. d4 e4 9. b4 c6 10. a3 Qe8 11. Bb2 Qh5 12. Nf4 Qh6 13. d5 Ng4 14. h3 Ne5 15. Nce2 g5 16. Bxe5 dxe5 17. Ne6 Bxe6 18. dxe6 Qxe6 19. Rc1 f4 20. exf4 exf4 21.
Nd4 Qh6 22. Qg4 f3 23. Bh1 Na6 24. Qe6+ Qxe6 25. Nxe6 Rf6 26. Nd4 Rd8 27. Nb3 Rd3 28. Nd2 Rxd2 29. Rce1 Re6 30. Bxf3 Rd4 31. Bg4 Re5 32. f4 gxf4 33. Rxf4 Rxc4 34. Bf3 Bg5 35.
Rfxe4 Rcxe4 36. Rxe4 Rxe4 37. Bxe4 Nc7 38. a4 Bd2 39. b5 cxb5 40. axb5 Nxb5 41. Bxb7 a5 42. Bd5+ Kg7 43. g4 a4 44. Kf1 Nc3 45. Be6 a3 46. Kf2 Kf6 47. Bg8 a2 48. Bxa2 Nxa2 49. Ke2 Bg5 50. Kf3 Ke5 51. Kg3 Nc3 52. h4 Ne4+ 53. Kf3 Bxh4 54. Ke3 1-0

[Event "Live Chess"]
[Site "Chess.com"]
[Date "2024.06.01"]
[Round "-"]
[White "McFim"]
[Black "Brooms1989"]
[Result "1-0"]
[WhiteElo "1596"]
[BlackElo "1121"]
[TimeControl "300"]
[EndTime "13:57:18 PDT"]
[Termination "McFim won by resignation"]

1. e4 e5 2. Nf3 Nc6 3. Bb5 a6 4. Ba4 Nf6 5. O-O Nxe4 6. d4 b5 7. Bb3 d5 8. dxe5 Be6 9. c3 Na5 10. Nbd2 Nxb3 11. Nxb3 c6 12. Nbd4 Bd7 13. Nd2 Nxd2 14. Bxd2 Be7 15. Qe2 O-O 16. e6 fxe6 17. Nxe6 Bxe6 18. Qxe6+ Kh8 19. Qxc6 Qe8 20. Qxd5 1-0

[Event "Live Chess"]
[Site "Chess.com"]
[Date "2024.06.01"]
[Round "-"]
[White "matt1979"]
[Black "Eva3337"]
[Result "1-0"]
[WhiteElo "1374"]
[BlackElo "1165"]
[TimeControl "300"]
[EndTime "13:57:30 PDT"]
[Termination "matt1979 won on time"]

1. f4 e6 2. Nf3 b6 3. e4 Bb7 4. d3 d5 5. e5 d4 6. Be2 f6 7. O-O Bxf3 8. Bxf3 c6 9. Nd2 f5 10.
Nc4 Qd7 11. Qe1 Na6 12. Qg3 Nh6 13. Nd6+ Kd8 14. Bd2 Ng4 15. Bxg4 fxg4 16. Qxg4 Kc7 17. Ne4 Bb4 18. a3 Bxd2 19. Nxd2 Nc5 20. Rf3 Rhg8 21. Rh3 h6 22. Rg3 Raf8 23. b4 Na4 24. Rb1 Nc3 25. Rb3 g5 26. Qh5 gxf4 27. Rxg8 Rxg8 28. Qxh6 Ne2+ 29. Kf2 Qd5 30. Nf3 Qd7 31. Kxe2 Rxg2+ 32. Kf1 Rxc2 33. Nxd4 Rc1+ 34. Ke2 Qxd4 35. Qh3 1-0

[Event "Live Chess"]
[Site "Chess.com"]
[Date "2024.06.01"]
[Round "-"]
[White "PatientChessPapa"]
[Black "Ferrarifan27"]
[Result "0-1"]
[WhiteElo "802"]
[BlackElo "2060"]
[TimeControl "300"]
[EndTime "13:57:32 PDT"]
[Termination "Ferrarifan27 won by resignation"]

1. e4 e5 2. Nf3 Nc6 3. d4 exd4 4.
Nxd4 Qh4 5. Nc3 Bb4 6. Be2 Nf6 7. g3 Qxe4 8. O-O Qxd4 9. Qxd4 Nxd4 10. Bd3 O-O 11. a3 Bxc3 12. bxc3 Nf3+ 13. Kh1 d6 14.
Rb1 Bh3 15. Rd1 Ng4 16. Be3 Rfe8 17. Rf1 Bxf1 18. Bxf1 Nxe3 19. fxe3 b6 20. Bg2 Rxe3 21. Rf1 Nd2 22. Rd1 Rae8 23. h4 Re1+ 24. Rxe1 Rxe1+ 25. Kh2 Rc1 26. Bd5 Rxc2 27. c4 Nxc4+ 28. Kh3 Nxa3 0-1

[Event "Live Chess"]
[Site "Chess.com"]
[Date "2024.06.01"]
[Round "-"]
[White "road2gm5000"]
[Black "StoreySniper"]
[Result "0-1"]
[WhiteElo "1082"]
[BlackElo "2535"]
[TimeControl "300"]
[EndTime "13:57:34 PDT"]
[Termination "StoreySniper won by checkmate"]

1. e4 g6 2. d4 Bg7 3. Nf3 c5 4. Be3 Nc6 5. Nc3 Qa5 6. Bb5 cxd4 7. Nxd4 Nf6 8. Bxc6 bxc6 9. O-O Rb8 10. Nb3 Qc7 11. Qd2 Ng4 12. Bf4 Be5 13. Bxe5 Qxe5 14. f4 Qc7 15. h3 Qb6+ 16. Kh1 Ne3 17. Rfe1 Nc4 18.
Qc1 O-O 19. Rb1 Bb7 20. Qd1 Rbd8 21. Qd3 d5 22. exd5 cxd5 23. Rxe7 Nd6 24. Qd4 Ba8 25. Qxb6 axb6 26. Rbe1 Nf5 27. Ra7 d4 28. Na4 Ne3 29. Nxb6 Bxg2+ 30. Kh2 Bc6 31. Nxd4 Rxd4 32. Rxe3 Rd2+ 33.
Kg3 Rg2+ 34. Kh4 h6 35. Rg3 Rxc2 36. f5 g5+ 37. Kh5 Kg7 38. h4 Rh2 39. Rg4 Bf3 40. Nd7 Rxh4# 0-1

[Event "Live Chess"]
[Site "Chess.com"]
[Date "2024.06.01"]
[Round "-"]
[White "jk0110"]
[Black "kylet1990"]
[Result "1-0"]
[WhiteElo "1237"]
[BlackElo "735"]
[TimeControl "300"]
[EndTime "13:57:47 PDT"]
[Termination "jk0110 won by checkmate"]

1. e4 c6 2. Nf3 d5 3. Nc3 dxe4 4. Nxe4 Bf5 5. Ng3 Bg6 6. h4 h5 7. Ne5 Nd7 8. Nxg6 fxg6 9. Qf3 Ngf6 10. Bc4 Ne5 11.
Qb3 Nxc4 12. Qxc4 Qd5 13. Qxd5 Nxd5 14. d4 O-O-O 15. O-O e6 16. Bg5 Rd6 17. c3 Kd7 18. Rfe1 Be7 19. Ne4 Bxg5 20. hxg5 Nf4 21. Nxd6 Kxd6 22.
Re4 Nd3 23. Rd1 Nxb2 24. Rde1 Kc7 25. Rxe6 Nd3 26. Re7+ Kb6 27. Rb1+ Ka6 28. Rbxb7 Rf8 29. c4 Rxf2 30. Rxa7+ Kb6 31. Reb7# 1-0

[Event "Live Chess"]
[Site "Chess.com"]
[Date "2024.06.01"]
[Round "-"]
[White "MaksymYurii"]
[Black "Queensandpawns"]
[Result "0-1"]
[WhiteElo "941"]
[BlackElo "2382"]
[TimeControl "300"]
[EndTime "13:57:49 PDT"]
[Termination "Queensandpawns won by checkmate"]

1. e4 d5 2. exd5 c6 3. Nf3 Nf6 4.
Nc3 cxd5 5. d4 Bg4 6. h3 Bh5 7.
g4 Bg6 8. Ne5 Nc6 9. Nxc6 bxc6 10. Bg5 Ne4 11. Nxe4 Bxe4 12. f3 Bg6 13. c4 h6 14. Bf4 h5 15. cxd5 hxg4 16. fxg4 Qxd5 17. Rg1 Qe4+ 18. Qe2 Qxf4 19. Bg2 Qg3+ 20. Kd1 Qd6 21.
Rc1 Qxd4+ 22. Ke1 Qxg1+ 23. Kd2 Rd8+ 24. Kc3 Qxc1+ 25. Qc2 Qxc2+ 26. Kb4 e5+ 27. Ka5 Qc5+ 28.
Ka6 Qb6# 0-1

[Event "Live Chess"]
[Site "Chess.com"]
[Date "2024.06.01"]
[Round "-"]
[White "upoe610"]
[Black "DylanMeyer1"]
[Result "1-0"]
[WhiteElo "2235"]
[BlackElo "1712"]
[TimeControl "300"]
[EndTime "13:58:06 PDT"]
[Termination "upoe610 won by resignation"]

1. c4 d5 2. cxd5 Qxd5 3. Nf3 Qd6 4. d4 Nf6 5. Nc3 e6 6. e4 a6 7. e5 Qd5 8. Nxd5 exd5 9. exf6 gxf6 10. Bf4 Be7 11. Rc1 c6 12. Bd3 Be6 13. O-O Nd7 14.
Qb3 O-O 15. Qc2 Kh8 16. Bxh7 Rg8 17. Bxg8 Rxg8 18. Bg3 Nf8 19. Qd2 Rg6 20. Nh4 Nh7 21.
Nxg6+ fxg6 22. Rce1 1-0

[Event "Live Chess"]
[Site "Chess.com"]
[Date "2024.06.01"]
[Round "-"]
[White "Bradfield133"]
[Black "PughmanChess"]
[Result "1/2-1/2"]
[WhiteElo "1880"]
[BlackElo "1379"]
[TimeControl "300"]
[EndTime "13:58:09 PDT"]
[Termination "Game drawn by agreement"]

1. c4 f5 2. g3 Nf6 3. Bg2 e6 4. Nc3 Be7 5. e3 O-O 6. Nge2 d6 7. d3 e5 8. O-O Nc6 9. Qd2 a5 10. b3 Qe8 11. f4 e4 12. dxe4 fxe4 13. Nxe4 Nxe4 14. Bxe4 Bf6 15. Bd5+ Kh8 16. Rb1 Nb4 17. Nd4 Nxd5 18. cxd5 Bh3 19. Re1 Bxd4 20. Qxd4 c5 21. dxc6 Qxc6 22. Rb2 Rac8 23. Rd2 Rfd8 24. Bb2 Rc7 25.
Qd5 Qxd5 26. Rxd5 Rc2 27. Be5 Rxa2 28. Rxd6 Rxd6 29. Bxd6 b5 30. e4 Kg8 31. e5 Kf7 32.
Bc5 Ke6 33. Bf2 Rb2 34. Re3 Rb1+ 35. Be1 a4 36. bxa4 bxa4 37. Kf2 Rb3 38. Rxb3 axb3 39. Bc3 h5 40. Ke3 Bf5 41. Kd4 Bc2 42. Kc5 g6 43.
Bd4 Kd7 44. Bb2 Ke6 1/2-1/2

[Event "Live Chess"]
[Site "Chess.com"]
[Date "2024.06.01"]
[Round "-"]
[White "MagnersCarlsberg2870"]
[Black "Isambard_Thomas"]
[Result "0-1"]
[WhiteElo "1777"]
[BlackElo "2164"]
[TimeControl "300"]
[EndTime "13:58:26 PDT"]
[Termination "Isambard_Thomas won by resignation"]

1. d4 Nf6 2. Nf3 d5 3. e3 c5 4. Bd3 Nc6 5. c3 e6 6. Nbd2 Bd7 7. Qe2 a6 8. O-O c4 9. Bc2 Bd6 10. e4 dxe4 11. Nxe4 Nxe4 12. Qxe4 f5 13. Qe2 O-O 14.
Ne5 Nxe5 15. dxe5 Bc5 16. Be3 Be7 17. Qxc4 Rc8 18. Qb3 b5 19. Rad1 Qc7 20. Bd4 Rb8 21. Bb1 a5 22. Qc2 Bc6 23. Qe2 Bd5 24. Qh5 Qc6 25. f3 b4 26. g4 Bxf3 27. h3 Bxd1 28. Rxd1 bxc3 29. gxf5 c2 30. Bxc2 Qxc2 31. Rf1 Bc5 32.
Bxc5 Qxc5+ 33. Kh2 Rxb2+ 0-1

[Event "Live Chess"]
[Site "Chess.com"]
[Date "2024.06.01"]
[Round "-"]
[White "willc-h99"]
[Black "bonantagulo"]
[Result "1-0"]
[WhiteElo "2622"]
[BlackElo "2070"]
[TimeControl "300"]
[EndTime "13:58:29 PDT"]
[Termination "willc-h99 won on time"]

1. d4 Nf6 2. Bg5 Ne4 3. h4 c5 4.
d5 Qb6 5. Bc1 e6 6. dxe6 dxe6 7.
Nd2 Nxd2 8. Bxd2 Qxb2 9. Rb1 Qxa2 10. Rh3 Nc6 11. Bc3 e5 12. Rg3 Nd4 13. Rb2 Qc4 14.
e4 Qe6 15. Bxd4 cxd4 16. Bb5+ Bd7 17. Nf3 f6 18. Qd3 Rc8 19. Bxd7+ Qxd7 20. Qb3 a5 21. Qxb7 Bb4+ 22. Rxb4 axb4 23. Qxb4 Rxc2 24. Nxe5 fxe5 25. Qb8+ Rc8 26. Qxe5+ Qe7 27. Qb5+ Kd8 28. Qd5+ Qd7 29. Qg5+ Kc7 30. Qa5+ Kd6 31. Qd5+ Kc7 32. Qa5+ Kd6 33. Rg5 Rc1+ 34. Kd2 Qc6 35. Qe5+ Kd7 36. Qxg7+ Kc8 37. Qxh8+ Kb7 38. Qxh7+ Ka6 39.
Rg6 Rc2+ 40. Ke1 Rc1+ 41. Ke2 Rc2+ 42. Kf3 Rc3+ 43. Kg4 1-0

[Event "Live Chess"]
[Site "Chess.com"]
[Date "2024.06.01"]
[Round "-"]
[White "crais6"]
[Black "wadsy27"]
[Result "0-1"]
[WhiteElo "1636"]
[BlackElo "2546"]
[TimeControl "300"]
[EndTime "13:58:44 PDT"]
[Termination "wadsy27 won by resignation"]

1. d4 Nf6 2. Nc3 c5 3. d5 d6 4. Bg5 g6 5. Nf3 Bg7 6. Qd2 a6 7. a4 h6 8. Bh4 O-O 9. e4 Bg4 10. Be2 Nbd7 11. O-O g5 12. Bg3 Nh5 13. Rfe1 Nxg3 14.
hxg3 Qa5 15. Qd3 Qb4 16. Nd2 Ne5 17. Qe3 Bxe2 18. Nxe2 Ng4 19. Qf3 Qxd2 20. Qxg4 Qxc2 21. Rab1 f5 22. Qh5 fxe4 23. Nc3 Qxf2+ 24. Kh2 e3 25. Rf1 Qxf1 26. Rxf1 Rxf1 27. Qe2 Raf8 28. Qxe3 Be5 29.
Ne4 R1f4 30. gxf4 Bxf4+ 31. Qxf4 Rxf4 0-1

[Event "Live Chess"]
[Site "Chess.com"]
[Date "2024.06.01"]
[Round "-"]
[White "nitrofish07"]
[Black "koekoekoe"]
[Result "1-0"]
[WhiteElo "2097"]
[BlackElo "2029"]
[TimeControl "300"]
[EndTime "13:58:49 PDT"]
[Termination "nitrofish07 won by resignation"]

1. d4 d5 2. c4 c6 3. Nf3 Nf6 4.
g3 e6 5. Bg2 b6 6. O-O Bb7 7. Nc3 Be7 8. Qd3 O-O 9. e4 dxc4 10.
Qxc4 Ba6 11. Qb3 Bxf1 12. Bxf1 c5 13. d5 exd5 14. exd5 Nbd7 15. Bf4 Nh5 16. Be3 g6 17. Rd1 Bg5 18. Bxg5 f6 19. Bh6 Rf7 20. d6 Ne5 21. Nxe5 fxe5 22. Bc4 Qf6 23. Bxf7+ Qxf7 24.
Nd5 Qf3 25. Ne7+ Kh8 26. Qxf3 1-0